 Seeded DCSS version 0.30.1-4-g462c640d31 (webtiles) character file.

Game seed: 5250533582392553559 (custom seed)

1087 Psyclone the Magician (level 8, -10/46 HPs)
             Began as an Octopode Conjurer on Sept 18, 2023.
             Mangled by Maggie
             ... wielding a +2 morningstar of flaming
              (14 damage)
             ... on level 6 of the Dungeon.
             The game lasted 00:23:13 (6564 turns).

Psyclone the Magician (Octopode Conjurer)           Turns: 6564, Time: 00:23:14

Health: -10/46     AC:  1    Str:  6    XL:     8   Next: 30%
Magic:  2/17       EV: 14    Int: 23    God:
Gold:   205        SH:  5    Dex: 10    Spells: 16/19 levels left

rFire   . . .        a - staff of poison
rCold   . . .        (no shield)
rNeg    + . .        (helmet restricted)
rPois   +            t - amulet of reflection
rElec   .            h - ring of positive energy
rCorr   .            x - +4 ring of slaying
SInv    .            (no ring)
Will    .....        (no ring)
Stlth   +++          (no ring)
HPRegen 0.27/turn    (no ring)
MPRegen 0.15/turn    (no ring)
                     (no ring)

%: reflection
@: no status effects
A: almost no armour, amphibious, 8 rings, camouflage 1, gelatinous body 1,
(nimble swimmer 1), tentacles
a: no special abilities


You were on level 6 of the Dungeon.
You visited 1 branch of the dungeon, and saw 6 of its levels.

You collected 205 gold pieces.

Inventory:

Hand Weapons
 b - a +0 dagger
 E - a +0 dagger of protection
 F - a +0 dagger of venom
Magical Staves
 a - a staff of poison (weapon)
Jewellery
 h - a ring of positive energy (left tentacle)
 j - a ring of ice
 t - an amulet of reflection (around mantle)
 x - a +4 ring of slaying (right tentacle)
Wands
 C - a wand of light (3)
 G - a wand of paralysis (3)
Scrolls
 c - 2 scrolls of enchant weapon
 d - a scroll of torment {unknown}
 f - 2 scrolls of fear {unknown}
 g - a scroll of vulnerability {unknown}
 i - 3 scrolls of enchant armour {unknown}
 l - a scroll of fog {unknown}
 m - 3 scrolls of magic mapping {unknown}
 u - a scroll of summoning {unknown}
 y - 2 scrolls of teleportation {unknown}
Potions
 e - a potion of invisibility {unknown}
 k - 2 potions of curing {unknown}
 n - a potion of attraction {unknown}
 o - 3 potions of mutation {unknown}
 p - a potion of ambrosia {unknown}
 q - 2 potions of magic
 s - a potion of might {unknown}
 v - a potion of brilliance {unknown}
 w - a potion of heal wounds {unknown}
 z - a potion of lignification
 B - a potion of resistance
 H - a potion of flight
 I - a potion of degeneration


   Skills:
 + Level 5.9 Dodging
 - Level 2.6 Stealth
 - Level 6.0 Spellcasting
 - Level 6.0 Conjurations


You had 16 spell levels left.
You knew the following spells:

 Your Spells              Type           Power      Damage    Failure   Level
a - Magic Dart            Conj           100%       1d8       1%          1
b - Searing Ray           Conj           68%        2d6       1%          2

Your spell library contained the following spells:

 Spells                   Type           Power      Damage    Failure   Level
 Dazzling Flash           Conj/Hex       40%        N/A       8%          3
 Lesser Beckoning         Tloc           12%        N/A       13%         2
 Scorch                   Fire           12%        2d6       13%         2
 Flame Wave               Conj/Fire      20%        2d7       24%         4
 Fulminant Prism          Conj/Hex       10%        3d9       24%         4
 Iskenderun's Mystic Bla  Conj/Tloc      20%        2d6       24%         4
 Gell's Gravitas          Tloc           6%         N/A       26%         3
 Teleport Other           Tloc           6%         N/A       26%         3
 Summon Cactus Giant      Summ           3%         N/A       100%        6


Dungeon Overview and Level Annotations

Branches:
Dungeon (6/15) Zot: 26651
 Temple: D:4-7

Altars:
Dithmenos
Fedhas
Kikubaaqudgha
Nemelex Xobeh
Ru
Xom
Yredelemnul
Zin

Shops:
D:1 :*   D:4 =[([

Annotations:
D:2 1 runed translucent door, 1 exclusion
D:4 exclusions: door, downstairs and steam dragon
D:5 Pikel
D:6 Maggie


Innate Abilities, Weirdness & Mutations

You cannot wear most types of armour.
You are amphibious.
You can wear up to eight rings at the same time.
Your skin changes colour to match your surroundings (Stealth+).
Your rubbery body absorbs attacks. (AC +1, EV +1)
((You are camouflaged when in or above water. (Stealth+)))
You have tentacles for arms and can constrict up to eight enemies at once.


Message History

Aiming: Searing Ray (safe; 1% risk of failure)
Press: ? - help, Shift-Dir - straight line, f/p - Maggie
Aim: Maggie, wielding a +2 morningstar of flaming and wearing +0 swamp dragon scales (moderately wounded, mesmerising, 83% to hit)
The searing ray hits Maggie!
Maggie is heavily wounded. (Press . to maintain the ray.)
You break out of your daze.
You block Maggie's attack.
You now have 7/17 mp.
The searing ray hits Maggie.
Maggie is heavily wounded.
Maggie barely misses you.
You now have 6/17 mp.
The searing ray hits Maggie.
Maggie is heavily wounded.
Maggie gestures at you while chanting. The bolt of fire hits you!!
You take 19 damage, and have 17/46 hp.
MASSIVE DAMAGE!!
You now have 5/17 mp.
The searing ray hits Maggie.
Maggie is heavily wounded.
You finish channelling your searing ray.
Maggie misses you.
You now have 4/17 mp.
Casting: Searing Ray (safe; 1% risk of failure)
Confirm with . or Enter, or press ? or * to list all spells.
Aiming: Searing Ray (safe; 1% risk of failure)
Press: ? - help, Shift-Dir - straight line, f/p - Maggie
Aim: Maggie, wielding a +2 morningstar of flaming and wearing +0 swamp dragon scales (heavily wounded, 83% to hit)
The searing ray hits Maggie.
Maggie is heavily wounded. (Press . to maintain the ray.) Maggie hits you with a +2 morningstar of flaming!
* * * LOW HITPOINT WARNING * * *
Maggie burns you.
* * * LOW HITPOINT WARNING * * *
You take 14 damage, and have 3/46 hp.
MASSIVE DAMAGE!!
You now have 2/17 mp.
The searing ray hits Maggie!
Maggie is severely wounded.
Maggie hits you with a +2 morningstar of flaming!
You die...

#. #.# #.# ##.##
.. ##...## #'#
##.....##### ....
#..........##....@
##....<†....#....
##.).#..@@.)....
#..##.....#....
#.####..[## .
#.#####.##
#.......#
#########


You could see Maggie.

Vanquished Creatures
  Sigmund (D:4)
  A steam dragon (D:6)
  A black bear (D:5)
  3 lemures (D:5)
  A phantom (D:5)
  2 scorpions
  2 hounds
  2 orc priests
  A sleepcap (D:5)
  An iguana (D:5)
  6 orc wizards
  10 adders
  An ufetubus (D:5)
  A worm (D:3)
  2 dart slugs
  9 orcs
  5 ball pythons
  9 bats
  10 endoplasms
  3 giant cockroaches (D:1)
  5 hobgoblins
  4 jackals (D:1)
  3 quokkas
  3 frilled lizards
  6 goblins
  2 kobolds
  7 rats
  A spectral orc (D:3)
102 creatures vanquished.

Notes
Turn   | Place    | Note
-------+----------+-------------------------------------------
     0 | D:1      | Psyclone the Octopode Conjurer began the quest for the Orb.
     0 | D:1      | Reached XP level 1. HP: 11/11 MP: 3/3
   154 | D:1      | Found Sugreud's Assorted Antiques.
   313 | D:1      | Reached XP level 2. HP: 17/17 MP: 3/5
   641 | D:2      | Reached XP level 3. HP: 21/21 MP: 5/7
   739 | D:1      | Found Syurgheu's Book Shoppe.
  1464 | D:2      | Learned a level 2 spell: Searing Ray
  1577 | D:2      | Reached XP level 4. HP: 27/27 MP: 7/9
  1868 | D:2      | Found a runed translucent door.
  2504 | D:3      | Found a blossoming altar of Fedhas.
  2504 | D:3      | Found an ancient bone altar of Kikubaaqudgha.
  2777 | D:3      | Found a faded altar of an unknown god.
  2975 | D:3      | Found a basalt altar of Yredelemnul.
  2979 | D:3      | Reached XP level 5. HP: 31/31 MP: 6/10
  3653 | D:4      | Found Muulidac's Antique Armour Shoppe.
  3695 | D:4      | Found Tyr Yca's Jewellery Emporium.
  3872 | D:4      | Found Monit's Weapon Shop.
  3872 | D:4      | Noticed Sigmund
  3929 | D:4      | Killed Sigmund
  3930 | D:4      | Reached skill level 5 in Spellcasting
  3930 | D:4      | Reached skill level 5 in Conjurations
  3930 | D:4      | Reached XP level 6. HP: 36/36 MP: 5/13
  4331 | D:4      | Found Fanofrokh's Armour Shoppe.
  4515 | D:4      | Noticed a steam dragon
  4547 | D:5      | Entered Level 5 of the Dungeon
  4547 | D:5      | Noticed a black bear
  4652 | D:5      | Found a glowing silver altar of Zin.
  4738 | D:5      | Found a sparkling altar of Nemelex Xobeh.
  4801 | D:5      | Reached XP level 7. HP: 41/41 MP: 8/15
  4867 | D:5      | Found a shimmering altar of Xom.
  4868 | D:5      | Found a shadowy altar of Dithmenos.
  4871 | D:5      | Found a sacrificial altar of Ru.
  5679 | D:5      | Reached XP level 8. HP: 44/46 MP: 10/17
  5879 | D:5      | Noticed Pikel
  6232 | D:6      | Reached skill level 5 in Dodging
  6373 | D:6      | HP: 2/46 [steam dragon (8)]
  6470 | D:6      | Noticed Maggie
  6564 | D:6      | Mangled by Maggie

Illustrated notes

Levels and vault maps discovered:
D:1:      minmay_arrival_split_and_join, layout_loops_corners, serial_shops,
          nicolae_shop_overgrown_old_shop, shop, roderic_roman_lattice
D:2:      layout_basic, roderic_serpentine_path, kennysheep_generic_room_16,
          uniq_crazy_yiuf_cottage
D:3:      layout_basic, grunt_temple_overflow_growth_and_decay,
          yredelemnul_forgotten_temple_becter,
          ebering_ecumenical_altar_abandoned
D:4:      layout_gridville, serial_shops, nicolae_shop_tiny_statue_garden, shop,
          shop_statue, shop, chequers_serial_rivers_micro_c,
          minmay_misc_feat_secret_circle, uniq_sigmund
D:5:      layout_rooms, nicolae_overflow_hidden_temple, minitemple,
          nemelex_xobeh_ov_fountains_minmay, uniq_pikel
D:6:      kb_forest_paths, layout_loops_corners,
          minmay_temple_entry_statues_pillars, due_unseen_surprise, uniq_edmund,
          uniq_menkaure, uniq_maggie

Skill      XL: |  1  2  3  4  5  6  7  8 |
---------------+-------------------------+-----
Spellcasting   | 3 5 6 |  6.0
Conjurations   | 5 6 |  6.0
Dodging        | 4 5 |  5.9
Stealth        | |  2.6

Action                     |  1- 3 |  4- 6 |  7- 9 || total
---------------------------+-------+-------+-------++-------
  Melee: Unarmed           |    17 |       |       ||    17
         Tentacles         |     6 |       |     1 ||     7
         Constrict         |     3 |       |     1 ||     4
         Staff             |       |       |     3 ||     3
   Cast: Magic Dart        |    45 |   103 |    63 ||   211
         Searing Ray       |     1 |     5 |    28 ||    34
    Use: Scroll            |       |       |     7 ||     7
 Armour: Skin              |     4 |       |     1 ||     5
  Dodge: Dodged            |    20 |    12 |    15 ||    47
  Block: Other             |       |     1 |     8 ||     9
         Reflection        |       |       |     1 ||     1
